 Seeded DCSS version 0.30.1-9-gdf580d7c3d (webtiles) character file.

Game seed: 15660985446129201502 (custom seed)

96 AccursedSamuel the Chopper (level 4, 0/28 HPs)
             Began as a Tengu Monk on Oct 11, 2023.
             Killed by divine providence
             ... invoked by an orc priest
              (16 damage)
             ... on level 3 of the Dungeon.
             The game lasted 00:02:22 (1860 turns).

AccursedSamuel the Chopper (Tengu Monk)             Turns: 1860, Time: 00:02:28

Health: 0/28       AC:  2    Str: 16    XL:     4   Next: 67%
Magic:  5/5        EV: 14    Int: 10    God:
Gold:   233        SH:  0    Dex: 18    Spells: 3/3 levels left

rFire   . . .        a - +0 hand axe
rCold   . . .        d - orb {light}
rNeg    . . .        b - +0 robe
rPois   .            (helmet restricted)
rElec   .            (no cloak)
rCorr   .            (no gloves)
SInv    .            (boots unavailable)
Will    .....        (no amulet)
Stlth   +            e - ring of Xialidip {Str+4 Slay+4}
HPRegen 0.24/turn    (no ring)
MPRegen 0.09/turn

%: no passive effects
@: glowing
A: beak, talons 3
a: no special abilities


You were on level 3 of the Dungeon.
You visited 1 branch of the dungeon, and saw 3 of its levels.

You collected 233 gold pieces.

Inventory:

Hand Weapons
 a - a +0 hand axe (weapon)
Armour
 b - a +0 robe (worn)
 d - an orb of light (worn)
Jewellery
 e - the ring of Xialidip (left hand) {Str+4 Slay+4}
   (You acquired it on level 1 of the Dungeon)

   [ring of slaying]

   Str:       It affects your strength (+4).
   Slay:      It affects your accuracy & damage with ranged weapons and melee
   (+4).
 p - a +4 ring of protection
Scrolls
 f - 5 scrolls of teleportation {unknown}
 h - a scroll of enchant armour {unknown}
 i - a scroll of noise {unknown}
 k - a scroll of immolation {unknown}
 m - a scroll of identify {unknown}
 r - a scroll of fog {unknown}
Potions
 c - a potion of ambrosia
 g - a potion of curing {unknown}
 j - a potion of degeneration {unknown}
 l - a potion of attraction {unknown}
 n - a potion of heal wounds {unknown}
 o - 2 potions of magic {unknown}
 q - a potion of flight {unknown}


   Skills:
 + Level 3.6 Fighting
 + Level 4.6 Axes
 + Level 4.1 Dodging


You had 3 spell levels left.
You didn't know any spells.
Your spell library contained the following spells:

 Spells                   Type           Power      Damage    Failure   Level
 Cigotuvi's Dreadful Rot  Necr/Pois/Air  0%         N/A       50%         2
 Lesser Beckoning         Tloc           0%         N/A       50%         2
 Gell's Gravitas          Tloc           0%         N/A       75%         3
 Ignite Poison            Fire/Tmut/Pois 0%         N/A       75%         3
 Teleport Other           Tloc           0%         N/A       75%         3
 Dispel Undead            Necr           0%         3d6       98%         4
 Sticky Flame             Conj/Fire      0%         2d3       98%         4
 Death Channel            Necr           0%         N/A       100%        6
 Ignition                 Fire           0%         3d3       100%        8


Dungeon Overview and Level Annotations

Branches:
Dungeon (3/15)

Altars:

Annotations:
D:2 1 runed translucent door, Crazy Yiuf


Innate Abilities, Weirdness & Mutations

You have a beak for a mouth.
You have claws for feet.


Message History

a +0 club; a goblin corpse You now have 233 gold pieces (gained 5).
f - 3 scrolls labelled QAUZ VITWEUHU (gained 1)
A bat comes into view.
A bat is nearby!
A bat is nearby!
A bat is nearby!
The bat misses you. The bat hits you. The bat misses you.
You closely miss the bat. You claw the bat. You peck the bat.
You kill the bat!
You see here a bat corpse.
A ball python comes into view.
A ball python is nearby!
A ball python is nearby!
A ball python is nearby!
You hit the ball python.
You kill the ball python!
f - 5 scrolls labelled QAUZ VITWEUHU (gained 2)
Found a stone staircase leading down.
An orc priest comes into view. It is wielding a +0 hand axe.
An orc priest is nearby!
An orc priest is nearby!
An orc priest is nearby!
The orc priest shouts!
An orc comes into view. It is wielding a +0 flail.
The orc shouts!
The orc priest hits you with a +0 hand axe.
An orc comes into view. It is wielding a +0 dagger.
You barely miss the orc priest.
The orc shouts!
Your kick misses the orc priest.
The orc priest hits you with a +0 hand axe.
You slash the orc priest!
The orc priest is heavily wounded.
You hit the orc.
The orc priest mumbles some strange prayers to Beogh against you.
Beogh smites you!
Ouch! That really hurt!
You die...

###..##.#.##### ..#
### #.###)....... ..#
#.# #.#.##### #.# #.#
#....## #.#####
#.###.#.#.######.##...
#........o....##.#....
#..##.#.#.###.##......
#..##oo..####.##....>.
#....@................
##..###.#####.####....
#..# #.## #.# ##...
#..# #..# #.# ##.#
#..# ##.# #.# #.# #..#
#.# #.# #.# #..# #.#
#.# #.# #..# ##.## #.#
#.# #..###...###.# #..


You could see an orc priest and 2 orcs.

Vanquished Creatures
  Jessica (D:2)
  An adder (D:2)
  A dart slug (D:2)
  6 endoplasms
  2 giant cockroaches (D:2)
  8 goblins
  5 hobgoblins
  6 kobolds
  5 quokkas
  4 ball pythons
  3 bats
  7 frilled lizards
  6 rats
  A spectral kobold (D:2)
56 creatures vanquished.

Notes
Turn   | Place    | Note
-------+----------+-------------------------------------------
     0 | D:1      | AccursedSamuel the Tengu Monk began the quest for the Orb.
     0 | D:1      | Reached XP level 1. HP: 14/14 MP: 2/2
    83 | D:1      | Reached XP level 2. HP: 18/19 MP: 3/3
    88 | D:1      | Identified a scroll of acquirement
    88 | D:1      | Acquired the ring of Xialidip {Str+4 Slay+4}
   640 | D:1      | Reached XP level 3. HP: 23/23 MP: 4/4
   934 | D:2      | Found a faded altar of an unknown god.
  1245 | D:2      | Noticed Jessica
  1250 | D:2      | Killed Jessica
  1251 | D:2      | Reached XP level 4. HP: 23/28 MP: 5/5
  1454 | D:2      | Found a runed translucent door.
  1455 | D:2      | Noticed Crazy Yiuf
  1860 | D:3      | Killed from afar by an orc priest

Illustrated notes

Levels and vault maps discovered:
D:1:      minmay_arrival_pointy, layout_loops_ring, minmay_gold_behind_fungi
D:2:      layout_basic, dreamdust_ecumenical_altar_drowned_temple,
          hangedman_decor_clover_reticule, fountainhead,
          uniq_crazy_yiuf_cottage, uniq_jessica
D:3:      layout_loops_ring, general_overflow_altar, serial_bayou_pond_d

Skill      XL: |  1  2  3 |
---------------+----------+-----
Axes           | 4 |  4.6
Dodging        | 4 |  4.1
Fighting       | |  3.6

Action                     |  1- 3 |  4- 6 || total
---------------------------+-------+-------++-------
  Melee: Hand axe          |    63 |    19 ||    82
         Peck              |     7 |     2 ||     9
         Kick              |     7 |     5 ||    12
    Use: Scroll            |     1 |       ||     1
 Armour: Robe              |    12 |     3 ||    15
  Dodge: Dodged            |    46 |    15 ||    61
